 Dungeon Crawl Stone Soup version 0.29.0-11-gd7f09526c8 (webtiles) character file.

Game seed: 7401008371734476802

279 ProzacElf the Poker (level 6, -1/44 HPs)
             Began as a Merfolk Gladiator on Sept 4, 2022.
             Was a Follower of Zin.
             Killed by divine providence
             ... invoked by an orc priest
              (14 damage)
             ... on level 3 of the Dungeon.
             The game lasted 00:05:51 (2465 turns).

ProzacElf the Poker (Merfolk Gladiator)             Turns: 2465, Time: 00:05:52

Health: -1/44      AC:  7    Str: 16    XL:     6   Next: 26%
Magic:  6/6        EV: 11    Int:  8    God:    Zin [*.....]
Gold:   132        SH:  0    Dex: 15    Spells: 5/5 levels left

rFire   . . .      SeeInvis +   a - +0 trident
rCold   . . .      Faith    .   (no shield)
rNeg    . . .      Spirit   .   q - +0 scale mail
rPois   .          Reflect  .   c - +0 helmet
rElec   .          Harm     .   (no cloak)
rCorr   .          Rampage  .   (no gloves)
Will    .....                   (no boots)
Stlth   ..........              v - amulet of regeneration
HPRegen 0.94/turn               w - ring of see invisible
MPRegen 0.10/turn               y - ring of wizardry

@: mighty, attractive, flying
A: (nimble swimmer 2), mertail
a: Renounce Religion, Recite, Donate Gold


You were on level 3 of the Dungeon.
You worshipped Zin.
Zin was aware of your devotion.
You visited 1 branch of the dungeon, and saw 3 of its levels.

You collected 146 gold pieces.
You donated 14 gold pieces to Zin.

Inventory:

Hand Weapons
 a - a +0 trident (weapon)
 b - a +2 short sword of electrocution
 x - a +1 dagger of venom
Missiles
 d - 3 throwing nets (quivered)
 e - a javelin
 p - 14 poisoned darts
 A - 3 boomerangs of dispersal
Armour
 c - a +0 helmet (worn)
 h - a +0 ring mail
 q - a +0 scale mail (worn)
 s - a +0 leather armour
Jewellery
 l - an amulet of reflection
 v - an amulet of regeneration (around neck)
 w - a ring of see invisible (left hand)
 y - a ring of wizardry (right hand)
Wands
 j - a wand of mindburst (5)
Scrolls
 f - a scroll of poison {unknown}
 i - 4 scrolls of teleportation {unknown}
 m - a scroll of summoning {unknown}
 n - a scroll of amnesia {unknown}
 t - 2 scrolls of identify {unknown}
 u - a scroll of fear {unknown}
 D - a scroll of silence {unknown}
Potions
 g - a potion of haste
 z - a potion of degeneration {unknown}
 B - a potion of heal wounds {unknown}
 C - a potion of attraction


   Skills:
 - Level 2.1 Fighting
 + Level 6.9 Polearms
 + Level 4.7 Throwing
 - Level 4.0 Dodging


You had 5 spell levels left.
You didn't know any spells.
Your spell library contained the following spells:

 Spells                   Type           Power      Damage    Failure   Level
 Sublimation of Blood     Necr           0%         N/A       65%         2
 Gell's Gravitas          Tloc           0%         N/A       86%         3
 Lesser Beckoning         Tloc           0%         N/A       86%         3
 Teleport Other           Tloc           0%         N/A       86%         3
 Petrify                  Tmut/Erth      0%         N/A       99%         4
 Irradiate                Conj/Tmut      0%         3d11      100%        5


Dungeon Overview and Level Annotations

Branches:
Dungeon (3/15)

Altars:
Okawaru
Zin

Annotations:
D:3 2 runed translucent doors


Innate Abilities, Weirdness & Mutations

((You are very nimble when in or above water. (Stealth+, EV+, Speed+++)))
Your lower body shifts to a powerful aquatic tail in water.


Message History

Ye feel better.
Tha orc closely misses ye.
Tha orc wizard casts a spell at ye.
Ye be confused.
Tha orc hits ye wit' a +0 mace.
Ye regain'd 3 hp, an' now haf 24/44 hp.
Ye feel better.
Tha orc closely misses ye.
Tha orc misses ye.
Tha orc priest casts a cantrip, but nuthin' happens.
Tha orc wizard hits ye but does nay damage.
Ye regain'd 5 hp, an' now haf 29/44 hp.
Okay, than.
Ye closely miss tha orc wizard.
Tha orc wizard be moderately wounded.
Tha orc hits ye but does nay damage.
Tha orc wizard hits ye wit' a +0 dagger.
Tha orc hits ye wit' a +0 mace.
Ye take 3 damage, an' haf 26/44 hp.
Ye puncture tha orc wizard!
Ye kill tha orc wizard!
Tha orc hits ye but does nay damage.
Tha orc priest invokes tha aid o' Beogh against ye.
Beogh smites ye!
Tha orc hits ye wit' a +0 mace.
* * * LOW HITPOINT WARNIN'
* * * Ye take 14 damage, an' haf 12/44 hp.
MASSIVE DAMAGE!!
Tha orc attacks as ye move away!
Tha orc hits ye but does nay damage.
Items 'ere: ( )) [ †.
Tha orc attacks as ye move away!
Tha orc hits ye wit' a +0 mace.
* * * LOW HITPOINT WARNIN'
* * * It was a potion o' attraction.
Ye feel attractive ta monsters.
Tha orc hits ye wit' a +0 hand axe.
* * * LOW HITPOINT WARNIN'
* * * Ye take 2 damage, an' haf 11/44 hp.
It was a potion o' flight.
Ye feel very buoyant.
Ye fly up inta tha air.
It was a potion o' might.
Ye feel very mighty all o' a sudd'n.
Tha orc priest calls down tha wrath o' Beogh upon ye.
Beogh smites ye!
Ye die...

#..# ## #..# . #. #.
####### #.. #.....#
#..######.....#
###....o.o......#######
#.....@#'#)...........#
#.##.#.#o#.........†...
# #.#.#.#########..#
..#.#..# #... .##.##.#
##.# .. ... .# #.# ..
._. .# #.# #.. ... .#
#.# .# #.#


You could see an orc priest and an orc.

Vanquished Creatures
  A black bear (D:3)
  A necrophage (D:3)
  An orc wizard (D:3)
  4 adders
  6 dart slugs
  4 orcs (D:3)
  2 ball pythons
  5 endoplasms
  A giant cockroach (D:3)
  7 goblins
  A hobgoblin (D:2)
  8 kobolds
  4 quokkas
  2 bats
  5 frilled lizards
  2 rats
54 creatures vanquished.

Notes
Turn   | Place    | Note
-------+----------+-------------------------------------------
     0 | D:1      | ProzacElf the Merfolk Gladiator began the quest for the
                  | Orb.
     0 | D:1      | Reached XP level 1. HP: 16/16 MP: 1/1
    47 | D:1      | Reached XP level 2. HP: 21/22 MP: 2/2
   150 | D:1      | Found a faded altar of an unknown god.
   656 | D:1      | Reached XP level 3. HP: 27/27 MP: 3/3
   864 | D:2      | Reached skill level 5 in Polearms
  1366 | D:2      | Reached XP level 4. HP: 29/33 MP: 4/4
  1528 | D:2      | Found a glowing silver altar of Zin.
  1533 | D:2      | Became a worshipper of Zin the Law-Giver
  1533 | D:2      | Reached * piety under Zin
  2066 | D:3      | Noticed a black bear
  2080 | D:3      | Killed a black bear
  2081 | D:3      | Reached skill level 6 in Polearms
  2081 | D:3      | Reached XP level 5. HP: 31/38 MP: 5/5
  2269 | D:3      | Reached XP level 6. HP: 19/44 MP: 6/6
  2357 | D:3      | Found a large runed translucent door.
  2358 | D:3      | Found a large runed translucent door.
  2440 | D:3      | Found an iron altar of Okawaru.
  2465 | D:3      | Killed from afar by an orc priest

Illustrated notes

Levels and vault maps discovered:
D:1:      dpeg_arrival_houses_and_road, layout_loops_ring,
          hellmonk_ecumenical_altar_lost_god, hangedman_decor_diamond_cutter
D:2:      layout_basic, basic_altar
D:3:      layout_loops_ring, mainiacjoe_overflow_surrounded_room,
          nicolae_qazlal_eye_of_the_storm, jmf_multi_god_temple2,
          minmay_ruptured

Skill      XL: |  1  2  3  4 |
---------------+-------------+-----
Polearms       | 5 6 |  6.9
Throwing       | 3 4 |  4.7
Fighting       | |  2.1
Dodging        | |  4.0

Action                   |  1- 3 |  4- 6 || total
-------------------------+-------+-------++-------
Melee: Trident           |    40 |    90 ||   130
       Dagger            |    31 |     7 ||    38
       Short sword       |       |     9 ||     9
Throw: Throwing net      |       |     3 ||     3
       Dart              |       |     1 ||     1
Invok: Recite            |       |     1 ||     1
  Use: Potion            |       |     7 ||     7
 Stab: Sleeping          |     1 |       ||     1
Armor: Leather armour    |     5 |       ||     5
       Ring mail         |     3 |       ||     3
       Scale mail        |    10 |    39 ||    49
Dodge: Dodged            |    16 |    67 ||    83
Block: Other             |     4 |       ||     4
